Cogmind - Beta 12 X2 @@@ ROGUE MODE // 2022.09.06 @ 17:31:00 Player: btmk16 Result: Destroyed by C-40 Crusher with Compactor Performance ------------- Evolutions (5) 2500 Regions Visited (8) 1600 Robots Destroyed (37) 185 Value Destroyed (941) 941 Prototype IDs (4) 80 Alien Tech Used (0) 0 Bonus (700) 700 TOTAL SCORE: 6006 Bonus ------- Pacifist 200 Entered DSFs 500 Cogmind --------- Core Integrity 0/1000 Matter 188/300 Energy 99/100 System Corruption 15% Temperature Cool (0) Movement Core (50) Location -5/Waste Parts ------- > --- POWER (2) -------- (None) > --- PROPULSION (5) --- (None) > --- UTILITY (7) ------ (None) > --- WEAPON (3) ------- (None) > --- INVENTORY (5) ---- Angular Momentum Engine Armored Medium Treads Layered Medium Armor Plating Coil Gun Heavy Shock Bomb Launcher Peak State ------------ > --- POWER ------------ Ion Engine > --- PROPULSION ------- Light Treads Medium Treads Flying VTOL-Cooled Exoskeleton > --- UTILITY ---------- Scrap Engine Large Storage Unit Advanced Terrain Scan Processor Improved Shock Absorption System Improved Shield Generator Force Field > --- WEAPON ----------- Variable Charge Gun KE Penetrator Heavy Pick > --- INVENTORY -------- Aluminum Leg Recoil Stabilizer Plasma Rifle High-powered Shotgun High-powered Shotgun Heavy Shock Bomb Launcher Grenade Launcher [Rating: 71] Favorites ----------- Power Improved Ion Engine Engine Improved Ion Engine Propulsion Light Treads Treads Light Treads Wheel Armored Wheel Hover Unit Improved Gravmag System Flight Unit Flying VTOL-Cooled Exoskeleton Utility Large Storage Unit Device Scrap Engine Storage Large Storage Unit Processor Advanced Terrain Scan Processor Protection Hardened Medium Armor Plating Weapon Gauss Rifle Energy Gun Medium Laser Ballistic Gun Gauss Rifle Ballistic Cannon Heavy Assault Cannon Piercing Weapon Heavy Pick Build | -11 -10 -9 -8 -7 -7 -6 -5 -5 ------- Run | Scr Mat Mat Mat Fac DSF Fac Fac Was Slots Evolved 10 | . . 2 2 2 . 2 2 . Power 1 | . . . . . . . 1 . Propulsion 3 | . . 1 . 1 . . 1 . Utility 5 | . . 1 1 1 . 2 . . Weapon 1 | . . . 1 . . . . . Parts Attached 46 | 6 1 2 10 1 2 13 7 4 Power 3 | 1 . 1 . . . 1 . . Engine 3 | 1 . 1 . . . 1 . . Core . | . . . . . . . . . Reactor . | . . . . . . . . . Propulsion 13 | 2 . 1 1 . 1 6 1 1 Treads 6 | 2 . . 1 . . 3 . . Leg . | . . . . . . . . . Wheel 5 | . . 1 . . 1 3 . . Hover 1 | . . . . . . . 1 . Flight 1 | . . . . . . . . 1 Utility 15 | 1 1 . 5 1 1 1 4 1 Device 11 | . . . 4 1 1 . 4 1 Storage 2 | 1 1 . . . . . . . Processor 1 | . . . . . . 1 . . Hackware . | . . . . . . . . . Protection 1 | . . . 1 . . . . . Artifact . | . . . . . . . . . Weapon 15 | 2 . . 4 . . 5 2 2 Energy Gun 4 | 1 . . 1 . . 1 1 . Energy Cannon . | . . . . . . . . . Ballistic Gun 8 | 1 . . 3 . . 2 1 1 Ballistic Cannon 1 | . . . . . . 1 . . Launcher . | . . . . . . . . . Special Weapon . | . . . . . . . . . Impact Weapon . | . . . . . . . . . Slashing Weapon . | . . . . . . . . . Piercing Weapon 2 | . . . . . . 1 . 1 Special Melee Weapon . | . . . . . . . . . Unidentified Prototypes 1 | . . . . . . 1 . . Parts Lost 30 | . . . 1 . 8 10 6 5 Power 1 | . . . . . . 1 . . Propulsion 14 | . . . . . 4 5 2 3 Utility 8 | . . . 1 . 2 . 4 1 Weapon 7 | . . . . . 2 4 . 1 Highest Loss Streak 6 | . . . 1 . 6 5 5 3 To Critical Strikes . | . . . . . . . . . Average Slot Usage (%) 65 | . 100 79 96 88 81 45 56 26 Engine 5 | . 14 11 9 7 7 3 3 . Treads 10 | . 28 22 18 15 13 2 8 . Leg 1 | . . . . . . 4 . . Wheel 3 | . . 2 9 7 7 5 . . Flight 2 | . . . . 4 5 1 5 4 Device 9 | . . . 14 15 19 6 12 4 Storage 8 | . 28 22 9 7 7 6 3 . Processor 2 | . . . . . . 3 5 4 Protection 1 | . . . 8 7 . . . . Energy Gun 4 | . 14 11 12 . . . 3 . Ballistic Gun 8 | . 14 11 14 23 17 7 2 . Piercing Weapon 1 | . . . . . . . 5 4 Naked Turns 11 | . . . . . . . . 11 Heaviest Build 55 | 14 34 36 49 49 49 36 55 3 Greatest Support 48 | 40 40 40 12 12 22 48 48 8 Greatest Overweight (x) 4 | . . 2 4 4 4 3 1 . Average Overweight (x) . | . . . 3 4 2 1 . . Largest Inventory Capacity 15 | 8 15 15 15 15 15 15 15 5 Average Capacity 13 | 6 14 15 15 15 15 15 12 5 Most Carried 15 | 6 6 11 15 15 12 10 7 5 Average Carried 8 | 2 6 8 13 12 10 8 5 5 Final Capacity 15 | 8 15 15 15 15 15 15 5 5 Final Carried 15 | 6 6 11 15 12 10 4 5 5 Class Distribution -------------------- 74% | Mutant 13% | Tank 9% | Scavenger-Tank Dominant Class ---------------- Mutant | -10/Materials Mutant | -9/Materials Tank | -8/Materials Scavenger-Tank | -7/Factory Scavenger-Tank | -7/DSF Mutant | -6/Factory Mutant | -5/Factory Mutant | -5/Waste Resources | -11 -10 -9 -8 -7 -7 -6 -5 -5 ----------- Run | Scr Mat Mat Mat Fac DSF Fac Fac Was Matter Collected 967 | 222 . 129 216 . 67 209 124 . Remotely . | . . . . . . . . . Salvage Created 1251 | . . 262 533 . 63 393 . . Parts 84 | . . 21 39 . 2 22 . . Haulers Intercepted 3 | . . 1 1 . . 1 . . Recyclers Shooed 2 | . . 1 . . . 1 . . Parts Field Recycled . | . . . . . . . . . Retrieved Matter . | . . . . . . . . . Parts Self-Destructed . | . . . . . . . . . Prevented . | . . . . . . . . . Kills | -11 -10 -9 -8 -7 -7 -6 -5 -5 ------- Run | Scr Mat Mat Mat Fac DSF Fac Fac Was Combat Hostiles Destroyed 25 | . . 9 10 . 1 5 . . Guns 22 | . . 9 7 . 1 5 . . AOE 3 | . . . 3 . . . . . Classes Destroyed 13 | . . 5 5 . . 3 . . Worker 3 | . . . 1 . . 2 . . Builder 1 | . . . . . . 1 . . Tunneler 2 | . . . 1 . . 1 . . Hauler 3 | . . 1 1 . . 1 . . Recycler 1 | . . . . . . 1 . . Watcher 2 | . . 1 1 . . . . . Swarmer 13 | . . 7 3 . . 3 . . Grunt 3 | . . 1 2 . . . . . Brawler 1 | . . . 1 . . . . . Sentry 2 | . . 1 1 . . . . . Specialist 3 | . . . 2 . 1 . . . Hunter 2 | . . . . . . 2 . . Heavy 1 | . . . 1 . . . . . Best Kill Streak 4 | . . 4 4 . 1 3 . . Combat Bots Only 4 | . . 4 4 . 1 3 . . Max Kills in Single Turn 3 | . . 1 3 . 1 1 . . Gunslinging . | . . . . . . . . . Exploded 3 | . . . 3 . . . . . Melee . | . . . . . . . . . Uniques/NPCs Destroyed . | . . . . . . . . . Combat | -11 -10 -9 -8 -7 -7 -6 -5 -5 -------- Run | Scr Mat Mat Mat Fac DSF Fac Fac Was Damage Taken 5243 | . . 165 718 . 1238 1215 989 918 Core 1612 | . . 19 125 . 241 214 189 824 Absorbed by Shields . | . . . . . . . . . Core Remaining (%) 85 | 100 100 95 77 . 65 74 . . Volleys Fired 107 | . . 22 29 . 3 46 7 . Largest 3 | . . 2 3 . 3 2 2 . Hottest 110 | . . 70 110 . 81 88 108 . Shots Fired 209 | . . 44 87 . 9 56 13 . Gun 199 | . . 44 87 . 9 46 13 . Cannon 10 | . . . . . . 10 . . Launcher . | . . . . . . . . . Special . | . . . . . . . . . Kinetic 136 | . . 22 43 . 9 56 6 . Thermal 58 | . . 22 29 . . . 7 . Explosive . | . . . . . . . . . Electromagnetic 15 | . . . 15 . . . . . Robot Hit Streak 12 | . . 8 12 . 5 7 7 . Robot Miss Streak 5 | . . 2 3 . 1 5 2 . Penetration Max . | . . . . . . . . . Secondary Targets . | . . . . . . . . . Shots Hit Robots 155 | . . 28 61 . 7 50 8 1 Core Hits 89 | . . 15 28 . 2 43 1 . Critical Kills 1 | . . 1 . . . . . . Critical Parts Destroyed . | . . . . . . . . . Critical Strikes 3 | . . 3 . . . . . . Burn 2 | . . 2 . . . . . . Destroy 1 | . . 1 . . . . . . Melee Attacks 12 | . . . . . . . 3 9 Impact . | . . . . . . . . . Slashing . | . . . . . . . . . Piercing 12 | . . . . . . . 3 9 Sneak Attacks 1 | . . . . . . . 1 . Combat Hostiles . | . . . . . . . . . Follow-up Attacks . | . . . . . . . . . Damage Inflicted 2650 | . . 372 905 . 132 958 233 50 Guns 2081 | . . 370 808 . 132 605 166 . Cannons 353 | . . . . . . 353 . . Explosions 97 | . . . 97 . . . . . Melee 90 | . . . . . . . 67 23 Ramming 29 | . . 2 . . . . . 27 Kinetic 1776 | . . 178 445 . 132 958 63 . Thermal 630 | . . 192 335 . . . 103 . Explosive . | . . . . . . . . . Electromagnetic 125 | . . . 125 . . . . . Impact . | . . . . . . . . . Slashing . | . . . . . . . . . Piercing 90 | . . . . . . . 67 23 Highest Corruption 15 | . . . . . . . . 15 Average Corruption 9 | . . . . . . . . 9 Corruption Purged . | . . . . . . . . . Corruption Blocked . | . . . . . . . . . Effects 9 | . . . . . . . . 9 Message Errors 1 | . . . . . . . . 1 Matter Fused 3 | . . . . . . . . 3 Parts Rejected 2 | . . . . . . . . 2 Alerts 2 | . . . . . . . . 2 Misdirections 1 | . . . . . . . . 1 Overload Shots . | . . . . . . . . . Overflow Damage 80 | . . . . . . 43 37 . Projectiles 43 | . . . . . . 43 . . Explosions . | . . . . . . . . . Melee 37 | . . . . . . . 37 . Knockbacks 7 | . . . . . . 7 . . Impact . | . . . . . . . . . Kinetic 7 | . . . . . . 7 . . Secondary . | . . . . . . . . . Self-Inflicted Damage 11 | . . . . . . . . 11 Shots . | . . . . . . . . . Rammed 10 | . . 1 . . . . . 9 Targets Rammed 10 | . . 1 . . . . . 9 Kicked . | . . . . . . . . . Crushed . | . . . . . . . . . Highest Temperature 144 | . . 12 144 . . . 135 . Average Temperature 36 | . . 6 48 . . . 52 . Received Heat Transfer 729 | . . 30 144 . 99 . 456 . Siege Activations . | . . . . . . . . . Robots Corrupted . | . . . . . . . . . Combat Hostiles . | . . . . . . . . . Parts Fried . | . . . . . . . . . Impact Corruptions . | . . . . . . . . . Robots Melted . | . . . . . . . . . Combat Hostiles . | . . . . . . . . . Parts Melted . | . . . . . . . . . Heat Transferred 1704 | . . 703 803 . . . 198 . Parts Sabotaged . | . . . . . . . . . Parts Stolen . | . . . . . . . . . Parts Stripped . | . . . . . . . . . Power Chain Reactions 1 | . . . 1 . . . . . Missiles Intercepted . | . . . . . . . . . Alert | -11 -10 -9 -8 -7 -7 -6 -5 -5 ------- Run | Scr Mat Mat Mat Fac DSF Fac Fac Was Peak Influence 398 | . 14 334 398 53 50 100 207 116 Initial 141 | . . 5 141 53 40 . 44 72 Average 89 | . 9 155 270 53 37 28 48 94 Maximum Alert Level 1 | . . 1 1 . . . 1 . Low Security (%) 83 | 100 100 69 20 100 100 100 97 100 Level 1 16 | . . 30 79 . . . 2 . Level 2 . | . . . . . . . . . Level 3 . | . . . . . . . . . Level 4 . | . . . . . . . . . Level 5 . | . . . . . . . . . High Security . | . . . . . . . . . Max Security . | . . . . . . . . . Squads Dispatched 8 | . . 1 2 . 1 2 2 . Investigation 2 | . . 1 . . . 1 . . Extermination . | . . . . . . . . . Reinforcement 5 | . . . 2 . 1 1 1 . Assault 1 | . . . . . . . 1 . Garrison . | . . . . . . . . . Intercept . | . . . . . . . . . Searches Triggered . | . . . . . . . . . Construction Impeded . | . . . . . . . . . Haulers Reinforced . | . . . . . . . . . Active Scanning Responses . | . . . . . . . . . Cargo Convoy Interrupts . | . . . . . . . . . Stealth | -11 -10 -9 -8 -7 -7 -6 -5 -5 --------- Run | Scr Mat Mat Mat Fac DSF Fac Fac Was Distress Signals 1 | . . . 1 . . . . . Communications Jammed . | . . . . . . . . . Distress Signals . | . . . . . . . . . Times Spotted 64 | . 1 13 14 . 5 12 11 8 Peak Tracking Total 7 | . 1 4 5 . 4 4 7 6 Tactical Retreats 8 | . . 1 1 . . 1 3 2 Traps | -11 -10 -9 -8 -7 -7 -6 -5 -5 ------- Run | Scr Mat Mat Mat Fac DSF Fac Fac Was Traps Triggered 3 | . . 1 . . . 1 1 . Indirectly . | . . . . . . . . . Trap Hack Attempts . | . . . . . . . . . Triggered . | . . . . . . . . . Disarmed . | . . . . . . . . . Reprogrammed . | . . . . . . . . . Reused . | . . . . . . . . . Traps Extracted . | . . . . . . . . . Installed . | . . . . . . . . . Triggered . | . . . . . . . . . Machines | -11 -10 -9 -8 -7 -7 -6 -5 -5 ---------- Run | Scr Mat Mat Mat Fac DSF Fac Fac Was Machines Disabled 3 | . . . 1 . . 2 . . Max in Single Turn 1 | . . . 1 . . 1 . . Garrison Access 3 | . . . 1 1 . . 1 . Machines Sabotaged . | . . . . . . . . . Overloaded Fab Kills . | . . . . . . . . . Hacking | -11 -10 -9 -8 -7 -7 -6 -5 -5 --------- Run | Scr Mat Mat Mat Fac DSF Fac Fac Was Machines Accessed 10 | . 1 2 2 2 . 1 2 . Terminals 8 | . 1 2 1 1 . 1 2 . Fabricators . | . . . . . . . . . Repair Stations . | . . . . . . . . . Recycling Units . | . . . . . . . . . Scanalyzers . | . . . . . . . . . Garrison Access 2 | . . . 1 1 . . . . Total Hacks 21 | . 2 6 5 2 . 2 4 . Successful 12 | . 1 3 3 2 . 1 2 . Failed 9 | . 1 3 2 . . 1 2 . Catastrophic 2 | . 1 1 . . . . . . Database Lockouts . | . . . . . . . . . Manual 8 | . . 4 . . . . 4 . Terminals 19 | . 2 6 4 1 . 2 4 . Fabricators . | . . . . . . . . . Repair Stations . | . . . . . . . . . Recycling Units . | . . . . . . . . . Scanalyzers . | . . . . . . . . . Garrison Access 2 | . . . 1 1 . . . . Terminal Hacks 8 | . 1 3 2 1 . 1 . . Robot Analysis 3 | . 1 2 . . . . . . Prototype ID Bank 1 | . . . . . . 1 . . Open DSF 1 | . . . . 1 . . . . Emergency Access Points 1 | . . 1 . . . . . . Alert Level 1 | . . . 1 . . . . . Unreport Threat 1 | . . . 1 . . . . . Fabricator Hacks . | . . . . . . . . . Repair Station Hacks . | . . . . . . . . . Recycling Unit Hacks . | . . . . . . . . . Scanalyzer . | . . . . . . . . . Garrison Access Hacks 2 | . . . 1 1 . . . . Seal Access 2 | . . . 1 1 . . . . Unauthorized Hacks 2 | . . . . . . . 2 . Terminals 2 | . . . . . . . 2 . Track 2 | . . . . . . . 2 . Fabricators . | . . . . . . . . . Repair Stations . | . . . . . . . . . Recycling Units . | . . . . . . . . . Scanalyzers . | . . . . . . . . . Garrison Access . | . . . . . . . . . Data Cores Recovered . | . . . . . . . . . Used . | . . . . . . . . . Hacking Detections 7 | . 1 2 1 . . 1 2 . Full Trace Events 2 | . 1 1 . . . . . . Feedback Events . | . . . . . . . . . Feedback Blocked . | . . . . . . . . . Robot Schematics Acquired . | . . . . . . . . . Robots Built . | . . . . . . . . . Authchips . | . . . . . . . . . Time . | . . . . . . . . . Total Robot Build Rating . | . . . . . . . . . Part Schematics Acquired . | . . . . . . . . . Parts Built . | . . . . . . . . . Authchips . | . . . . . . . . . Time . | . . . . . . . . . Total Part Build Rating . | . . . . . . . . . Parts Repaired . | . . . . . . . . . Time . | . . . . . . . . . Parts Recycled . | . . . . . . . . . Recycled Matter . | . . . . . . . . . Retrieved Matter . | . . . . . . . . . Retrieved Components . | . . . . . . . . . Parts Scanalyzed . | . . . . . . . . . Part Schematics Acquired . | . . . . . . . . . Parts Damaged . | . . . . . . . . . Bothacking | -11 -10 -9 -8 -7 -7 -6 -5 -5 ------------ Run | Scr Mat Mat Mat Fac DSF Fac Fac Was Used RIF Installer . | . . . . . . . . . Robots Hacked . | . . . . . . . . . Non-combat . | . . . . . . . . . Combat . | . . . . . . . . . Robot Hacks Applied . | . . . . . . . . . Relay Couplers Released 1 | . . . . . . . 1 . Machine Destruction 1 | . . . . . . . 1 . Fabnet Peak Effective % . | . . . . . . . . . Robots Rewired . | . . . . . . . . . Allies Hacked . | . . . . . . . . . Hacks Repelled . | . . . . . . . . . Allies | -11 -10 -9 -8 -7 -7 -6 -5 -5 -------- Run | Scr Mat Mat Mat Fac DSF Fac Fac Was Total Allies . | . . . . . . . . . Largest Group . | . . . . . . . . . Highest-Rated Group . | . . . . . . . . . Highest-Rated Ally . | . . . . . . . . . Total Orders . | . . . . . . . . . Ally Attacks . | . . . . . . . . . Total Damage . | . . . . . . . . . Kills . | . . . . . . . . . Allies Corrupted . | . . . . . . . . . Allies Melted . | . . . . . . . . . Intel | -11 -10 -9 -8 -7 -7 -6 -5 -5 ------- Run | Scr Mat Mat Mat Fac DSF Fac Fac Was Robot Analysis Total 3 | . 1 2 . . . . . . Derelict Logs Recovered . | . . . . . . . . . Drone Launches . | . . . . . . . . . Drone Recoveries . | . . . . . . . . . Exploration | -11 -10 -9 -8 -7 -7 -6 -5 -5 ------------- Run | Scr Mat Mat Mat Fac DSF Fac Fac Was Turns Passed 2778 | 89 98 321 422 153 152 650 706 187 Spaces Moved 1853 | 50 61 160 216 100 108 259 578 321 Core 40 | 4 . . . . . . . 36 Treads 584 | 46 61 116 . . . 62 299 . Legs 73 | . . . . . . 73 . . Wheels 592 | . . 44 216 100 108 124 . . Hover . | . . . . . . . . . Flight 564 | . . . . . . . 279 285 Fastest Speed 40 | 50 160 120 120 150 100 95 40 40 Average Speed 113 | 151 160 149 135 150 130 138 107 41 Slowest Speed 240 | 160 160 160 150 150 150 230 240 50 Overloaded Moves . | . . . . . . . . . Propulsion Burnouts . | . . . . . . . . . Robots Hopped 2 | . . . . . . . 2 . Cave-ins Triggered . | . . . . . . . . . Exploration Rate (%) 28 | 5 18 18 20 3 84 8 14 86 Regions Visited 8 Branch Regions . Pre-discovered Areas . | . . . . . . . . . Known Exits Taken 1 | . . . . 1 . . . . Unknown Exits Taken 5 | 1 1 1 1 . . 1 . . Scrap Searched . | . . . . . . . . . Spaces Dug 10 | . . . . . . . 2 8 Terrain Destroyed 13 | . . . 2 . . . 3 8 Melee 10 | . . . . . . . 2 8 Projectile 1 | . . . . . . . 1 . AOE 2 | . . . 2 . . . . . Terrain Rammed . | . . . . . . . . . Walls Destroyed . | . . . . . . . . . Machines Disabled . | . . . . . . . . . Actions | -11 -10 -9 -8 -7 -7 -6 -5 -5 --------- Run | Scr Mat Mat Mat Fac DSF Fac Fac Was Total 2309 | 61 61 197 283 105 113 488 644 357 Wait 239 | . . 9 11 1 1 169 36 12 Move 1842 | 49 60 159 215 99 107 258 574 321 Hop 2 | . . . . . . . 2 . Pick Up 25 | 6 . 4 7 . . 1 7 . Fast Attach 31 | 6 1 1 7 1 . 6 5 4 Attach 11 | . . . 1 . 2 7 1 . Detach 3 | . . . 2 . . 1 . . Swap 4 | . . 1 2 . . . 1 . Drop 22 | . . . 9 4 . . 8 1 Fire 107 | . . 22 29 . 3 46 7 . Melee 12 | . . . . . . . 3 9 Ram 10 | . . . . . . . . 10 Kick . | . . . . . . . . . Crush 1 | . . 1 . . . . . . Escape Stasis . | . . . . . . . . . Rewire . | . . . . . . . . . Trap . | . . . . . . . . . Miscellaneous . | . . . . . . . . . Route ------- -11/Scrapyard -10/Materials -9/Materials -8/Materials -7/Factory -7/DSF -6/Factory -5/Factory -5/Waste (discovered 1 exit: [*Fac]) History --------- Turn | Location | Event 5 | -11/Scrapyard | Discovered new exit (range 16) 90 | -11/Scrapyard | Entered Materials 183 | -10/Materials | Discovered new exit (range 4) 188 | -10/Materials | Entered another Materials area 188 | -9/Materials | Evolved 2 slots: Propulsion x1, Utility x1 309 | -9/Materials | Build established: Mutant 504 | -9/Materials | Discovered new exit (range 4) 509 | -9/Materials | Entered another Materials area 509 | -8/Materials | Evolved 2 slots: Utility x1, Weapon x1 811 | -8/Materials | Build established: Tank 852 | -8/Materials | Discovered new exit (range 8) 931 | -8/Materials | Entered Factory 931 | -7/Factory | Evolved 2 slots: Propulsion x1, Utility x1 932 | -7/Factory | Found Scrap Engine 1084 | -7/Factory | Identified exit to DSF 1084 | -7/Factory | Entered DSF 1121 | -7/DSF | Additional patrols routed to DSF 1220 | -7/DSF | Discovered new exit (range 15) 1236 | -7/DSF | Entered Factory 1236 | -6/Factory | Evolved 2 slots: Utility x2 1265 | -6/Factory | Lost 6 parts (4n1u1w) 1494 | -6/Factory | Build established: Mutant 1603 | -6/Factory | Spotted B-75 Beast 1664 | -6/Factory | Lost 4 parts (1p2n1w) 1786 | -6/Factory | Lost 5 parts (3n2w) 1878 | -6/Factory | Discovered new exit (range 5) 1886 | -6/Factory | Entered another Factory area 1886 | -5/Factory | Evolved 2 slots: Power x1, Propulsion x1 2469 | -5/Factory | Lost 5 parts (2n3u) 2510 | -5/Factory | Spotted B-75 Beast 2592 | -5/Factory | Manually triggered Chute Trap 2592 | -5/Factory | Sucked down chute 2592 | -5/Factory | Entered Waste 2607 | -5/Waste | EMP discharged 2607 | -5/Waste | Spotted C-40 Crusher 2624 | -5/Waste | Spotted C-40 Crusher 2674 | -5/Waste | Spotted C-40 Crusher 2684 | -5/Waste | Spotted C-40 Crusher 2688 | -5/Waste | Spotted C-40 Crusher 2707 | -5/Waste | EMP discharged 2707 | -5/Waste | System corruption reached 10% 2709 | -5/Waste | Discovered new exit (range 12) 2727 | -5/Waste | Spotted C-40 Crusher 2731 | -5/Waste | Crushed by Compactor (2 parts destroyed, 1 dropped) 2768 | -5/Waste | Crushed by Compactor (1 part destroyed, 1 dropped) 2772 | -5/Waste | Core integrity fell below 50% 2777 | -5/Waste | Core integrity fell below 20% 2779 | -5/Waste | Destroyed by C-40 Crusher with Compactor Last Messages --------------- 02707_ System corrupted (+9). 02709_ EXIT=FOUND 02731_ System corrupted: Imp. Gravmag System rejected. 02731_ Flying VTOL-Cooled Exoskeleton crushed. 02731_ Flying VTOL-Cooled Exoskeleton core remains intact and functional. 02731_ Flying VTOL-Cooled Exoskeleton crushed. 02731_ Flying VTOL-Cooled Exoskeleton disintegrated. 02731_ Hvy. Pick crushed. 02732_ Acquired Broken Impulse Thruster Array. 02734_ Acquired Hvy. Pick. 02739_ Imp. Gravmag System crushed. 02749_ System corrupted: Weight Redist. System rejected. 02754_ Acquired Weight Redist. System. 02764_ Hvy. Pick destroyed. 02765_ System corrupted: Matter fused (-9). 02766_ Slammed into C-40 Crusher. 02767_ Broken Impulse Thruster Array destroyed. 02768_ Weight Redist. System crushed. 02768_ Adv. Terrain Scan Processor crushed. 02768_ Slammed into C-40 Crusher. Map ----- +----------------------------------------------------+ | #??????# #???????? | | #??????# ######## ######## ###???????? | | #??????# #??????# #??????# #?????##### | | #??????# #??????# #??????# #???? | | #??????# #??????# #??????# #??? | | ######## #??????# #??????# #### | | #??????# #??????# | | #??????# #??????# | | #??????# #??????# < | | #??????# #??????# | | ######## #??????# #??????# #### | | #??????# #??????# #??????# #??? ] | | #??????# #??????# #??????# #???? | | #??????# #??????# #??????# #?????##### | | ######## #??????# ######## ###???????? | | #??????# #???????? | | #??????# #???????? | | #??????# #???????? | | #??????# #???????? | | ! ######## #??????# ######## ###???????? | | #??????# #??????# #??????# #?????????? | | #??????# #??????# #??????# #?????????? | | #??????# #??????# #??????# #?????????? | | #??????# #????### CC###??### ###???????? | | #"##??????###"##????# CCCC #??# #???????? | | ###?????????###?????# CC@ CC#??# #???????? | | ????????????????????# CCCCCC#??# #???????? | | ????????????????????# CCCC #??# #???????? | | ????????????????????# CC#??# #???????? | | ????????????????????# CC#??# #???????? | | ????????????????????# #??# #???????? | | ????????????????????# #??# * #???????? | | ????????????????????#####;####??#####"####???????? | | ????????????????????????###?????????###??????????? | | ?????????????????????????????????????????????????? | | ?????????????????????????????????????????????????? | | ?????????????????????????????????????????????????? | | ?????????????????????????????????????????????????? | | ?????????????????????????????????????????????????? | | ?????????????????????????????????????????????????? | | ?????????????????????????????????????????????????? | | ?????????????????????????????????????????????????? | | ?????????????????????????????????????????????????? | | ?????????????????????????????????????????????????? | | ?????????????????????????????????????????????????? | | ?????????????????????????????????????????????????? | | ?????????????????????????????????????????????????? | | ?????????????????????????????????????????????????? | | ?????????????????????????????????????????????????? | | ?????????????????????????????????????????????????? | +----------------------------------------------------+ Best States ------------- Heat Dissipation 72 Energy Generation 12 Energy Capacity 265 Matter Stores 300 Matter Capacity 300 Sight Range 16 Terrain Scan Density 210 Additional Mass Support 6 Armor Coverage 225 Resistance: EX 50 Evasion (%) 62 Recoil Reduction 2 Item Schematics ----------------- None Robot Schematics ------------------ None Fabricated ------------ Nothing Alien Tech Used ----------------- None Achievements -------------- None Challenges ------------ None Game ------ Seed SingularityDiametricBlaster Manual? 0 Play Time 00:20:44 Cumulative 485.8 hours Start 2022.09.06 @ 17:05:17 End 2022.09.06 @ 17:31:00 Sessions 1 Manual Loads 0 Difficulty Rogue Special Mode None Game No. 556 Rogue 555 Adventurer 0 Explorer 1 Win Type - Total 15 Types 10/0/2/3/0/0/0/0/0 Lore% 80 Gallery% 89 Achievement% 70 Wizard Run 0 Options --------- ASCII 0 Keyboard 1 Movement Vi Keybinds 0 Fullscreen 1 Font 18/SmallcapsGlow Map View 76x50 Tactical HUD 1 Map Filters NONE Filters NONE Steam 1 RUN: 16b75abd-8cfd-4fc3-ae3d-f2e34ad9eae5